 Dungeon Crawl Stone Soup version 0.31-a0-329-g52107efa6a (webtiles) character file.

Game seed: 16262782101443347945

836 AdnanSaban the Cudgeller (level 7, -10/44 HPs)
             Began as a Gargoyle Fighter on July 18, 2023.
             Killed from afar by Dowan (18 damage)
             ... with a shard of ice
             ... on level 5 of the Dungeon.
             The game lasted 00:05:09 (3550 turns).

AdnanSaban the Cudgeller (Gargoyle Fighter)         Turns: 3550, Time: 00:05:10

Health: -10/44     AC: 16    Str: 27    XL:     7   Next: 99%
Magic:  7/7        EV:  8    Int:  9    God:
Gold:   309        SH:  5    Dex: 14    Spells: 6/6 levels left

rFire   + . .        o - +4 mace "Newtbane" {heavy, Will+ Dex+5}
rCold   . . .        c - +0 buckler
rNeg    + . .        u - +0 chain mail
rPois   ∞            s - +0 helmet
rElec   +            (no cloak)
rCorr   .            (no gloves)
SInv    .            (no boots)
Will    +....        (no amulet) Stlth
                     g - ring of protection from fire
HPRegen 0.27/turn    l - +6 ring of strength
MPRegen 0.10/turn

%: no passive effects
@: no status effects
A: sickness immunity, AC +4, negative energy resistance 1, electricity
resistance, torment resistance 1, petrification resistance
a: no special abilities


You were on level 5 of the Dungeon.
You visited 1 branch of the dungeon, and saw 5 of its levels.

You collected 309 gold pieces.

Inventory:

Hand Weapons
 o - the +4 mace "Newtbane" (weapon) {heavy, Will+ Dex+5}
   (You found it on level 2 of the Dungeon)

   Dex:       It affects your dexterity (+5).
   Will:      It increases your willpower.
Missiles
 q - 2 throwing nets
Armour
 c - a +0 buckler (worn)
 s - a +0 helmet (worn)
 u - a +0 chain mail (worn)
Jewellery
 g - a ring of protection from fire (left hand)
 l - a +6 ring of strength (right hand)
Wands
 m - a wand of charming (9)
 x - a wand of polymorph (11)
Scrolls
 a - 2 scrolls of enchant armour {unknown}
 f - 2 scrolls of teleportation {unknown}
 i - a scroll of noise {unknown}
 j - 4 scrolls of revelation {unknown}
 k - 3 scrolls of poison {unknown}
 r - 4 scrolls of identify {unknown}
 t - a scroll of fear {unknown}
 v - a scroll of vulnerability {unknown}
 y - a scroll of amnesia {unknown}
Potions
 b - a potion of lignification {unknown}
 d - 2 potions of might
 e - 3 potions of heal wounds {unknown}
 h - a potion of degeneration {unknown}
 n - 3 potions of invisibility {unknown}
 p - 2 potions of curing {unknown}
 w - 2 potions of mutation {unknown}
 z - a potion of cancellation {unknown}


   Skills:
 + Level 5.1 Fighting
 + Level 6.0 Maces & Flails
 + Level 5.7 Armour
 + Level 5.0 Shields


You had 6 spell levels left.
You didn't know any spells.
Your spell library contained the following spells:

 Spells                   Type           Power      Damage    Failure   Level
 Slow                     Hex            0%         N/A       91%         1
 Summon Small Mammal      Summ           0%         N/A       91%         1
 Blink                    Tloc           0%         N/A       97%         2
 Ensorcelled Hibernation  Hex/Ice        0%         N/A       97%         2
 Lesser Beckoning         Tloc           0%         N/A       97%         2
 Momentum Strike          Conj/Tloc      0%         3d8       97%         2
 Passwall                 Tmut/Erth      0%         N/A       97%         2
 Scorch                   Fire           0%         2d5       97%         2
 Call Canine Familiar     Summ           0%         N/A       99%         3
 Confusing Touch          Hex            0%         N/A       99%         3
 Summon Guardian Golem    Hex/Summ       0%         N/A       99%         3
 Swiftness                Air            0%         N/A       99%         3
 Vampiric Draining        Necr           0%         2d6       99%         3
 Flame Wave               Conj/Fire      0%         2d4       100%        4
 Summon Cactus Giant      Summ           0%         N/A       100%        6


Dungeon Overview and Level Annotations

Branches:
Dungeon (5/15)
 Temple: D:4-7

Altars:
Fedhas
Hepliaklqana
Qazlal

Annotations:
D:3 2 transporters
D:5 Dowan


Innate Abilities, Weirdness & Mutations

You are immune to sickness and miasma.
Your stone body is resilient. (AC +4)
You are immune to poison.
You resist negative energy. (rN+)
You are resistant to electric shocks. (rElec)
You are resistant to unholy torment.
You are immune to petrification.


Message History

You barely miss Dowan. Dowan closely misses you. Dowan casts a spell at you.
The shard of ice hits you but does no damage.
You block Dowan's attack.
You hit Dowan.
Dowan is lightly wounded.
You block Dowan's attack. Dowan gestures at you while chanting.
The stone arrow hits you but does no damage.
You barely miss Dowan.
Dowan is lightly wounded.
Dowan points at you and mumbles some strange words.
The shard of ice hits you!
* * * LOW HITPOINT WARNING * * *
You block Dowan's attack. Dowan barely misses you.
You bludgeon Dowan!!
Dowan is almost dead.
Dowan hits you but does no damage.
Dowan says, "How can I live without her?"
Dowan casts a spell.
Dowan blinks!
You closely miss Dowan.
Dowan is almost dead.
You block Dowan's attack.
Dowan gestures wildly while chanting.
Dowan blinks!
You see here 11 gold pieces.
You barely miss Dowan.
Dowan is almost dead.
Dowan gestures at you while chanting.
The stone arrow hits you but does no damage.
Dowan hits you but does no damage.
Dowan casts a spell.
Dowan blinks!
Dowan gestures wildly while chanting.
Dowan blinks!
Found a stone staircase leading down.
Dowan casts a spell at you. The shard of ice hits you!!
You die...

......> .......
....... .......
....... .....e.
.......####+##
.......@.....#
≈≈≈≈≈........#
#≈≈≈≈≈≈..$)..#
#####≈≈≈.....######
#≈≈≈≈.#+#.....#
#≈≈≈≈.. #.##.##
#≈≈≈≈≈..#.##.#
######..#.##.#
.....#.##.#


You could see Dowan (fast).

Vanquished Creatures
  Sigmund (D:3)
  Duvessa (D:5)
  2 ogres
  A jelly (D:4)
  An orc priest (D:4)
  Jessica (D:2)
  Natasha (thrice) (D:2)
  Robin (D:3)
  8 adders
  A white imp (D:4)
  3 worms (D:2)
  6 dart slugs
  15 orcs
  2 bats
  5 endoplasms
  4 giant cockroaches
  12 goblins
  6 hobgoblins
  14 jackals
  3 quokkas
  7 ball pythons
  3 frilled lizards
  10 kobolds
  3 rats
113 creatures vanquished.

Notes
Turn   | Place    | Note
-------+----------+-------------------------------------------
     0 | D:1      | AdnanSaban the Gargoyle Fighter began the quest for the
                  | Orb.
     0 | D:1      | Reached XP level 1. HP: 14/14 MP: 1/1
   184 | D:1      | Reached XP level 2. HP: 12/19 MP: 2/2
   507 | D:1      | Reached XP level 3. HP: 23/23 MP: 3/3
   850 | D:2      | Identified the +1 leather armour of Ynoonyd {Contam Fly
                  | rElec Str+3}
   988 | D:2      | Found a faded altar of an unknown god.
   998 | D:2      | Noticed Natasha
  1007 | D:2      | Killed Natasha
  1008 | D:2      | Reached skill level 3 in Maces & Flails
  1008 | D:2      | Reached XP level 4. HP: 23/29 MP: 4/4
  1012 | D:2      | Noticed Natasha
  1022 | D:2      | Killed Natasha
  1028 | D:2      | Noticed Natasha
  1033 | D:2      | Killed Natasha
  1034 | D:2      | Reached XP level 5. HP: 12/33 MP: 5/5
  1197 | D:2      | Identified the +4 mace "Newtbane" {heavy, Will+ Dex+5}
  1261 | D:2      | Noticed Jessica
  1264 | D:2      | Killed Jessica
  1272 | D:2      | Reached skill level 4 in Maces & Flails
  1626 | D:2      | Reached XP level 6. HP: 37/38 MP: 6/6
  1790 | D:3      | Noticed Robin
  1797 | D:3      | Killed Robin
  1810 | D:3      | Found a transporter.
  1826 | D:3      | Noticed Sigmund
  2052 | D:3      | Killed Sigmund
  2053 | D:3      | Reached skill level 5 in Maces & Flails
  2053 | D:3      | Reached XP level 7. HP: 8/44 MP: 7/7
  2352 | D:3      | Found a transporter.
  2458 | D:3      | Found a blossoming altar of Fedhas.
  2811 | D:4      | Reached skill level 5 in Armour
  3150 | D:4      | Found a hazy altar of Hepliaklqana.
  3387 | D:4      | Noticed an air elemental
  3389 | D:4      | Found a stormy altar of Qazlal.
  3391 | D:4      | Noticed a fire elemental
  3391 | D:4      | Noticed a water elemental
  3422 | D:5      | Entered Level 5 of the Dungeon
  3526 | D:5      | Noticed Duvessa
  3526 | D:5      | Noticed Dowan
  3534 | D:5      | Killed Duvessa
  3535 | D:5      | Reached skill level 5 in Fighting
  3535 | D:5      | Reached skill level 6 in Maces & Flails
  3535 | D:5      | Reached skill level 5 in Shields
  3550 | D:5      | Killed from afar by Dowan

Illustrated notes

Levels and vault maps discovered:
D:1:      amcnicky_arrival_gap_in_the_tavern_cellar, layout_loops_ring
D:2:      minmay_chambers_of_twos, layout_rooms,
          dreamdust_ecumenical_altar_angels_and_demons, uniq_jessica,
          uniq_natasha
D:3:      gammafunk_steamed_eel, layout_loops_cross, lemuel_tele_altar,
          minmay_misc_feat_rows, kennysheep_flooded_box, uniq_robin,
          uniq_sigmund
D:4:      layout_cave_pools, nicolae_overflow_crystal_walls,
          nicolae_qazlal_style_of_elements, hangedman_abyss_or_decor_stagger
D:5:      layout_basic, grunt_decor_junction, uniq_ijyb, uniq_duvessa

Skill      XL: |  1  2  3  4  5  6  7 |
---------------+----------------------+-----
Maces & Flails | 3 4 5 6 |  6.0
Armour         | 4 5 |  5.7
Fighting       | 4 5 |  5.1
Shields        | 4 5 |  5.0

Action                     |  1- 3 |  4- 6 |  7- 9 || total
---------------------------+-------+-------+-------++-------
  Melee: Flail             |   103 |       |       ||   103
         Mace              |    20 |   111 |    83 ||   214
 Armour: Scale mail        |    92 |   114 |       ||   206
         Chain mail        |       |     7 |    74 ||    81
  Dodge: Dodged            |    77 |   114 |    50 ||   241
  Block: Buckler           |    36 |    47 |    27 ||   110

Table legend: (Time is in decaauts)
 A = Elapsed time spent in this place.
 B = Non-inter-level travel time spent in this place.
 C = Inter-level travel time spent in this place.
 D = Time resting spent in this place.
 E = Time spent auto-exploring this place.
 F = Levels seen in this place.
 G = Mean time per level.
                   A        B        C        D        E       F      G
               +--------+--------+--------+--------+--------+-----+--------+
         Total |   3748 |   3620 |    128 |    280 |   2480 |   5 |  749.6 |
       Dungeon |   3748 |   3620 |    128 |    280 |   2480 |   5 |  749.6 |
               +--------+--------+--------+--------+--------+-----+--------+

Top non-repeatable levels by time:
     D:2: 1281 daAuts
     D:3: 815 daAuts
     D:1: 807 daAuts
     D:4: 704 daAuts
     D:5: 139 daAuts
